 Dungeon Crawl Stone Soup version 0.25.1-2-g60ff931df9 (webtiles) character file.

Game seed: 4295081245957895245

76 raphialitos the Covert (level 4, 0/23 HPs)
             Began as a Spriggan Assassin on Oct 8, 2020.
             Slain by an orc wizard
             ... wielding a +0 dagger
              (3 damage)
             ... on level 3 of the Dungeon.
             The game lasted 00:05:00 (2070 turns).

raphialitos the Covert (Spriggan Assassin)          Turns: 2070, Time: 00:05:01

Health: 0/23       AC:  4    Str:  7    XL:     4   Next: 12%
Magic:  5/5        EV: 17    Int: 12    God:
Gold:   100        SH:  0    Dex: 18    Spells: 3/3 levels left

rFire    . . .     SeeInvis +   a - +2 dagger
rCold    . . .     Gourm    .   (shield restricted)
rNeg     . . .     Faith    .   b - +1 robe
rPois    .         Spirit   .   (helmet restricted)
rElec    .         Reflect  .   c - +0 cloak
rCorr    .         Harm     .   (gloves unavailable)
MR       .....                  (boots unavailable)
Stlth    ++++......             (no amulet)
HPRegen  0.07/turn              (no ring)
MPRegen  0.09/turn              (no ring)

@: very quick
A: very small, unfitting armour, see invisible, herbivore, speed 3, slow
metabolism 2
a: no special abilities


You were on level 3 of the Dungeon.
You were not hungry.

You visited 1 branch of the dungeon, and saw 3 of its levels.

You collected 100 gold pieces.

Inventory:

Hand Weapons
 a - a +2 dagger (weapon)
Missiles
 d - 60 poisoned darts (quivered)
 e - 2 curare-tipped darts
Armour
 b - a +1 robe (worn)
 c - a +0 cloak (worn)
Jewellery
 g - a +4 ring of protection {unknown}
 o - an uncursed ring of protection from fire {unknown}
Scrolls
 k - a scroll of remove curse {unknown}
 m - 2 scrolls of enchant armour
 n - a scroll of identify
 q - a scroll of teleportation
Potions
 h - a potion of curing
 i - a potion of flight {unknown}
 j - 2 potions of haste {unknown}
 l - a potion of heal wounds {unknown}
 p - a potion of magic {unknown}
Comestibles
 f - a ration


   Skills:
 + Level 1.9 Fighting
 + Level 2.6 Short Blades
 + Level 2.0 Throwing
 + Level 1.7 Dodging
 + Level 8.0 Stealth


You had 3 spell levels left.
You didn't know any spells.
Your spell library was empty.

Dungeon Overview and Level Annotations

Branches:
Dungeon (3/15)

Altars:
Nemelex Xobeh
Ru
Sif Muna
Trog
The Shining One


Innate Abilities, Weirdness & Mutations

You are very small and have problems with some larger weapons.
You are too small for most types of armour.
You have supernaturally acute eyesight. (SInv)
You are a herbivore.
You cover ground extremely quickly.
You need to consume almost no food.


Message History

The orc wizard hits you with a +0 dagger.
You hit the orc wizard but do no damage.
The orc wizard is lightly wounded.
The orc wizard misses you. The orc wizard casts a spell at you.
The puff of flame hits you.
You hit the orc wizard but do no damage.
The orc wizard is lightly wounded.
The orc wizard casts a spell at you. The puff of flame hits you!
* * * LOW HITPOINT WARNING * * *
You hit the orc wizard but do no damage.
The orc wizard is lightly wounded.
The orc wizard hits you with a +0 dagger.
* * * LOW HITPOINT WARNING * * *
You hit the orc wizard but do no damage.
The orc wizard is lightly wounded.
The orc wizard barely misses you.
The orc wizard hits you with a +0 dagger.
You die...

#.#
..#.###..
#.#
...#......
#.#
...#...#..
#.#
#8.8#..
#.####
#...#..
#....#
#8.8###
####.#
#...# #.#
#8.8# #@#
#...# #o#
#8.8# #..
#...# ###.
#8.8# ##
#...#
#8.♣#
#...#
#♣.♣#
#...#


You could see an orc wizard (fast, invisible).

Vanquished Creatures
  An adder (D:3)
  An ooze (D:3)
  A worm (D:2)
  A dart slug (D:2)
  4 leopard geckos (D:1)
  2 orcs (D:3)
  4 bats
  4 giant cockroaches
  9 goblins
  2 hobgoblins (D:1)
  4 jackals (D:1)
  3 frilled lizards
  8 kobolds
  5 rats
49 creatures vanquished.

Notes
Turn   | Place    | Note
-------+----------+-------------------------------------------
     0 | D:1      | raphialitos the Spriggan Assassin began the quest for the
                  | Orb.
     0 | D:1      | Reached XP level 1. HP: 10/10 MP: 2/2
    80 | D:1      | Reached skill level 6 in Stealth
   172 | D:1      | Reached XP level 2. HP: 14/14 MP: 3/3
   692 | D:1      | Reached skill level 7 in Stealth
   777 | D:1      | Reached XP level 3. HP: 18/18 MP: 4/4
  1466 | D:2      | Found a glowing golden altar of the Shining One.
  1466 | D:2      | Found a shimmering blue altar of Sif Muna.
  1471 | D:2      | Found a faded altar of an unknown god.
  1476 | D:2      | Found a sacrificial altar of Ru.
  1478 | D:2      | Found a bloodstained altar of Trog.
  1939 | D:3      | Reached XP level 4. HP: 23/23 MP: 5/5
  2020 | D:3      | Found a sparkling altar of Nemelex Xobeh.
  2058 | D:3      | Reached skill level 8 in Stealth
  2070 | D:3      | Slain by an orc wizard

Illustrated notes

Levels and vault maps discovered:
D:1:      minmay_arrival_diagonal_passages, layout_loops_cross,
          corexii_hall_statues_i, minmay_pentomino_p2
D:2:      layout_basic, chequers_temple_overflow_minitemple
D:3:      layout_loops_cross, lemuel_doored_altar, chequers_avenue, uniq_ijyb

Skill      XL: |  1  2  3  4 |
---------------+-------------+-----
Stealth        | 6 7 8 |  8.0
Fighting       | |  1.9
Short Blades   | |  2.6
Throwing       | |  2.0
Dodging        | |  1.7

Action                   |  1- 3 |  4- 6 || total
-------------------------+-------+-------++-------
Melee: Dagger            |    98 |    29 ||   127
  Use: Scroll            |     3 |       ||     3
 Stab: Sleeping          |    26 |     1 ||    27
Armor: Robe              |     8 |     5 ||    13
Dodge: Dodged            |    57 |    18 ||    75
